 Dungeon Crawl Stone Soup version 0.27-a0-385-g3208abaabc (webtiles) character file.

Game seed: 2157767709140858743

102459 CryoSword the Mender (level 15, -1/147 HPs)
             Began as a Deep Dwarf Monk on Feb 19, 2021.
             Was a Priest of Elyvilon.
             Killed by divine providence
             ... invoked by an orc priest
              (12 damage)
             ... on level 2 of the Orcish Mines.
             The game lasted 01:54:27 (27127 turns).

CryoSword the Mender (Deep Dwarf Monk)             Turns: 27127, Time: 01:54:28

Health: -1/147     AC: 30    Str: 26    XL:     15   Next: 86%
Magic:  17/17      EV: 10    Int:  9    God:    Elyvilon [***...]
Gold:   1986       SH: 13    Dex: 15    Spells: 14/14 levels left

rFire    . . .     SeeInvis .   a - +4 scimitar (freeze)
rCold    . . .     Faith    +   Y - +0 kite shield
rNeg     + . .     Spirit   .   Q - +6 chain mail of Ebliesywn {Harm +Fly rPois rCorr Int-3}
rPois    +         Reflect  .   (no helmet)
rElec    .         Harm     +   (no cloak)
rCorr    +         Rampage  .   h - +1 pair of gloves
Will     ++...                  M - +1 pair of boots {Stlth+}
Stlth    ++........             S - amulet of faith {!P}
HPRegen  0.00/turn              s - +6 ring of strength {=R}
MPRegen  0.15/turn              j - +4 ring of protection

@: non-regenerating
A: damage resistance, heal wounds, icy blue scales 1, yellow scales 1, negative
energy resistance 1, sense surroundings 2, no regeneration
a: Heal Wounds, Renounce Religion, Evoke Flight, Lesser Healing, Heal Other,
Purification, Divine Protection


You were on level 2 of the Orcish Mines.
You worshipped Elyvilon.
Elyvilon was most pleased with you.
You visited 4 branches of the dungeon, and saw 23 of its levels.
You visited the Abyss 1 time.
You visited 1 bazaar.
You also visited: Sewer and Gauntlet.

You collected 2426 gold pieces.
You spent 440 gold pieces at shops.

Inventory:

Hand Weapons
 a - a +4 scimitar of freezing (weapon)
   (You took it off a wight on level 6 of the Dungeon)
 b - the +6 hand crossbow of Neurosis {venom, Int+10}
   (You found it on level 12 of the Dungeon)

   It poisons the ammo it fires.
   It affects your intelligence (+10).
 w - the +3 scimitar "Ysaasiro" {flame, Int+2}
   (You found it on level 1 of the Lair of Beasts)

   It has been specially enchanted to burn those struck by it, causing extra
   injury to most foes and up to half again as much damage against particularly
   susceptible opponents.
   Big, fiery blades are also staple armaments of hydra-hunters.
   It affects your intelligence (+2).
Missiles
 p - 24 boomerangs
 O - 9 curare-tipped darts (quivered)
 P - 4 throwing nets
 X - 178 bolts
Armour
 h - a +1 pair of gloves (worn)
   (You found it on level 8 of the Dungeon)
 M - a +1 pair of boots of stealth (worn)
   (You found it in a Gauntlet)
 Q - the +6 chain mail of Ebliesywn (worn) {Harm +Fly rPois rCorr Int-3}
   (You found it on level 10 of the Dungeon)

   It affects your intelligence (-3).
   It protects you from poison.
   It lets you fly.
   It provides partial protection from all sources of acid and corrosion.
   It increases damage dealt and taken.
 R - a +2 helmet
   (You found it on level 5 of the Lair of Beasts)
 Y - a +0 kite shield (worn)
   (You took it off a tengu warrior on level 13 of the Dungeon)
Magical Staves
 f - a staff of earth
   (You found it in a bazaar)
Jewellery
 d - a ring of fire
   (You found it in a Gauntlet)
 j - a +4 ring of protection (right hand)
   (You found it in a Gauntlet)
 q - the ring of Wu Jian's Regard {Fire rElec Str-4 Int+8}
   (You found it on level 5 of the Lair of Beasts)

   [ring of fire]

   It enhances your fire magic.
   It affects your strength (-4).
   It affects your intelligence (+8).
   It protects you from fire.
   It makes you vulnerable to cold.
   It insulates you from electricity.
 s - a +6 ring of strength (left hand) {=R}
   (You found it on level 3 of the Dungeon)
 E - a ring of protection from fire
   (You found it on level 3 of the Dungeon)
 S - an amulet of faith (around neck) {!P}
   (You found it on level 11 of the Dungeon)
Wands
 V - a wand of acid (11)
   (You found it on level 12 of the Dungeon)
Scrolls
 e - 3 scrolls of immolation {unknown}
 k - 11 scrolls of teleportation {@r4}
 o - a scroll of identify {@r1}
 t - 5 scrolls of fog
 u - 6 scrolls of magic mapping
 v - 4 scrolls of blinking {unknown}
 y - 2 scrolls of fear
 C - 4 scrolls of enchant armour
 D - 3 scrolls of enchant weapon
 N - 4 scrolls of amnesia
 T - 7 scrolls of vulnerability {unknown}
Potions
 c - 12 potions of curing {@q1}
 g - 2 potions of cancellation
 i - 2 potions of mutation {!q}
 l - 3 potions of haste {@q3}
 m - 2 potions of ambrosia
 r - 5 potions of brilliance
 z - 3 potions of might
 A - 10 potions of heal wounds {@q2}
 B - 4 potions of magic
 F - 4 potions of lignification {!q}
 G - 2 potions of invisibility
 J - a potion of attraction {!q}
 U - 2 potions of resistance {unknown}


   Skills:
 * Level 13.1 Fighting
 + Level 14.7 Long Blades
 + Level 8.8 Crossbows
 - Level 8.9 Armour
 - Level 4.3 Dodging
 - Level 9.2 Stealth
 * Level 10.5 Shields
 - Level 15.4 Invocations


You had 14 spell levels left.
You didn't know any spells.
Your spell library contained the following spells:

 Spells                   Type           Power        Failure   Level
 Apportation              Tloc           0%           98%         1
 Beastly Appendage        Tmut           0%           98%         1
 Foxfire                  Conj/Fire      0%           98%         1
 Sandblast                Erth           0%           98%         1
 Shock                    Conj/Air       0%           98%         1
 Sting                    Tmut/Pois      0%           98%         1
 Passwall                 Tmut/Erth      0%           99%         2
 Swiftness                Air            0%           99%         2
 Wereblood                Tmut           0%           99%         2
 Conjure Flame            Conj/Fire      0%           100%        3
 Inner Flame              Hex/Fire       0%           100%        3
 Lesser Beckoning         Tloc           0%           100%        3
 Spider Form              Tmut/Pois      0%           100%        3
 Stone Arrow              Conj/Erth      0%           100%        3
 Tukima's Dance           Hex            0%           100%        3
 Ice Form                 Ice/Tmut       0%           100%        4
 Iskenderun's Mystic Bla  Conj/Tloc      0%           100%        4
 Passage of Golubria      Tloc           N/A          100%        4
 Petrify                  Tmut/Erth      0%           100%        4
 Sticky Flame             Conj/Fire      0%           100%        4
 Alistair's Intoxication  Tmut/Pois      0%           100%        5
 Blade Hands              Tmut           0%           100%        5
 Fireball                 Conj/Fire      0%           100%        5
 Irradiate                Conj/Tmut      0%           100%        5
 Lee's Rapid Deconstruct  Erth           0%           100%        5
 Hydra Form               Tmut           0%           100%        6
 Invisibility             Hex            0%           100%        6


Dungeon Overview and Level Annotations

Branches:
Dungeon (14/15)            Temple (1/1) D:4            Lair (6/6) D:11
 Shoals (0/4) Lair:4       Spider (0/4) Lair:2        Slime (0/5) Lair:6
    Orc (2/2) D:12            Elf (0/3) Orc:2         Sewer (visited)
Gauntlet (visited)
 Vaults: D:13-14

Altars:
Ashenzari
Cheibriados
Dithmenos
Elyvilon
Fedhas
Gozag
Hepliaklqana
Kikubaaqudgha
Makhleb
Nemelex Xobeh
Okawaru
Qazlal
Ru
Sif Muna
Trog
Uskayaw
Vehumet
Wu Jian
Xom
Yredelemnul
Zin
The Shining One
Beogh
Jiyva

Shops:
D:14 :


Innate Abilities, Weirdness & Mutations

You are resistant to damage.
You can heal yourself by infusing magical energy.
You resist negative energy. (rN+)
You passively map the area around you.
You do not regenerate.
You are partially covered in icy blue scales. (AC +2)
You are partially covered in yellow scales. (AC +2)


Message History

You slash the orc warrior! You freeze the orc warrior.
You slice the orc warrior!! You freeze the orc warrior.
You kill the orc warrior!
The orc priest calls down the wrath of Beogh upon you.
Beogh smites you!
Items here: ))) [[ ÷.
Things that are here:
a +0 chain mail; a +0 trident You slash the orc priest!
You freeze the orc priest.
You kill the orc priest!
Things that are here:
a +0 flail; a +0 ring mail
Things that are here:
a +0 chain mail; a +0 trident
Items here: ))) [[ ÷.
You see here a +0 flail.
There is a stone staircase leading up, spattered with blood here.
Things that are here:
a +0 chain mail; a +0 mace
Okay, then.
You start putting on your armour.
You continue putting on your +0 kite shield. x4
You finish putting on your +0 kite shield.
Drop what? 45/52 slots (_ for help) (? for menu, Esc to quit)
You drop a +0 buckler.
An orc priest comes into view. It is wielding a +0 whip.
Really quaff
i - 4 potions of mutation {!q}?
Really quaff the potion of mutation?
You feel extremely strange. The antennae on your head shrink away.
Your magic regains its normal vibrancy.
Your body twists and deforms.
You feel resistant to poisons.
Unknown command.
Really quaff
i - 3 potions of mutation {!q}?
Really quaff the potion of mutation?
You feel extremely strange.
Your body's shape seems more normal.
You feel less resistant to poisons.
Icy blue scales grow over part of your body.
Thin metallic scales grow over part of your body.
Your thin metallic scales disappear.
Yellow scales grow over part of your body.
p - 24 boomerangs (gained 6)
Items here: )) [[.
Things that are here:
a +0 glaive; a +0 chain mail; an orc corpse You see here a +0 flail.
Things that are here:
a +0 flail; a +0 robe; a +0 dagger
Items here: )) [[.
An orc and an orc priest come into view.
There are monsters nearby!
There are monsters nearby!
There are monsters nearby!
An orc comes into view. It is wielding a +0 war axe.
The orc shouts!
You hear a shout!
The orc moves out of view.
The orc shouts!
You hear a shout!
The orc priest calls down the wrath of Beogh upon you.
Beogh smites you!
An orc and an orc wizard come into view.
The orc wizard moves out of view.
An orc warrior comes into view.
It is wielding a +0 trident and wearing a +0 chain mail of poison resistance.
The orc warrior shouts!
You hear a shout!
The orc barely misses you. You block the orc's attack.
You slash the orc priest! You freeze the orc priest.
You kill the orc priest!
You block the orc's attack.
You barely miss the orc. The orc closely misses you.
You slice the orc!! You freeze the orc.
You kill the orc!
You block the orc's attack.
You slice the orc!! You freeze the orc.
You kill the orc!
You block the orc's attack.
An orc high priest comes into view. It is wielding a +0 mace.
An orc priest comes into view. It is wielding a +0 dagger.
The orc wizard points at you and mumbles some strange words.
The magic dart hits you but does no damage.
The orc high priest shouts!
You slash the orc! You freeze the orc.
You kill the orc!
You hear a shout!
The orc wizard gestures at itself while chanting.
The orc wizard flickers and vanishes!
Deactivating autopickup; reactivate with Ctrl-A.
You block the orc warrior's attack.
The orc high priest invokes the aid of Beogh against you.
Beogh smites you!
Things that are here:
a +0 war axe; a +0 chain mail; an orc corpse You barely miss the orc warrior.
The orc warrior hits you with a +0 trident!
You are too injured to fight recklessly!
You are too injured to fight recklessly!
Unknown command.
The orc high priest mumbles some strange prayers to Beogh.
You block the orc warrior's attack.
An orc priest comes into view. It is wielding a +0 club.
You slice the orc warrior!! You freeze the orc warrior.
You kill the orc warrior!
You slash the orc priest! You freeze the orc priest.
You kill the orc priest!
You block the ice devil's attack.
You barely miss the orc high priest. You block the ice devil's attack.
The orc high priest hits you with a +0 mace.
You slice the orc high priest!! You freeze the orc high priest!
The ice devil hits you but does no damage.
You hit the orc high priest. You freeze the orc high priest.
The orc high priest prays to Beogh.
The ice devil hits you but does no damage.
You slash the orc high priest! You freeze the orc high priest.
The orc high priest hits you but does no damage.
You closely miss the orc high priest. You block the ice devil's attack.
You hit the orc high priest but do no damage.
The orc high priest hits you but does no damage.
The ice devil hits you but does no damage.
The orc priest calls down the wrath of Beogh upon you.
Beogh smites you!
* * * LOW HITPOINT WARNING * * *
Something hits you but does no damage.
You hit the orc high priest but do no damage.
The ice devil closely misses you.
The orc high priest hits you but does no damage.
Something hits you but does no damage.
The orc high priest invokes the aid of Beogh against you.
Beogh smites you!
* * * LOW HITPOINT WARNING * * *
You hear some strange, mumbled words.
A magic dart appears from out of thin air!
The magic dart hits you but does no damage.
Okay, then.
The rust devil hits you.
The orc priest mumbles some strange prayers to Beogh against you.
Beogh smites you!
* * * LOW HITPOINT WARNING * * *
Something tries to affect you, but you resist.
The orc priest looks braver for a moment.
The orc priest mumbles some strange prayers to Beogh against you.
Beogh smites you!
* * * LOW HITPOINT WARNING * * *
There is a stone staircase leading up, spattered with blood here.
Things that are here:
a +0 buckler; a +0 chain mail; a +0 mace The rust devil closely misses you.
The orc high priest calls down the wrath of Beogh upon you.
Beogh smites you!
* * * LOW HITPOINT WARNING * * *
You block the ice devil's attack.
The orc priest mumbles some strange prayers to Beogh against you.
Beogh smites you!
You die...

#.....................§...§§§§...
.#........................§8§§...
..........................§§§§...
##.)#....#.............o..§§§§§..
##)....................##§§§§§.§.
..........[.#....).........§.....
..[.........#..)..)..............
...........4..)4))[).........#...
.........o...o.4@).).............
...............)..[.)........#...
###...........)...............#..
#.....................[∩.......
#..............[<.........>.... ,
#..........................#..#
#...............#.........##...
*#................#....##..#...#
#.............[.......#......##


You could see an orc high priest, an orange demon (summoned), an ice devil
(summoned), a rust devil (summoned) and 2 orc priests.

Vanquished Creatures
  Kirke (Lair:6)
  An orc warlord (Orc:2)
  A minotaur (Gauntlet)
  The ghost of Vuppis the Protected, a journeyman DsVM of Ashenzari (Lair:4)
  10 hydras
  Harold (D:10)
  4 boulder beetles
  Erolcha (D:10)
  4 centaur warriors
  4 catoblepae
  3 tengu warriors
  10 death yaks
  3 two-headed ogres
  2 orc high priests (Orc:2)
  The ghost of TimeIsEndless the Martial Artist, a novice OpFi (Lair:1)
  Sonja (Lair:5)
  A fire crab (shapeshifter) (D:13)
  A fire crab (D:12)
  5 skeletal warriors
  2 unseen horrors
  A wizard (D:11)
  Pikel (D:7)
  4 orc knights
  4 ugly things
  A deep elf pyromancer (D:12)
  6 manticores
  2 orc sorcerers
  3 slime creatures (Gauntlet)
  A wolf spider (Gauntlet)
  3 cyclopes
  2 moths of wrath (Gauntlet)
  4 oklob plants
  25 elephants
  A black mamba (Lair:5)
  Maggie (D:9)
  3 torpor snails
  14 cane toads
  3 rime drakes
  Psyche (D:10)
  10 komodo dragons
  An efreet (D:11)
  A kobold demonologist (D:11)
  A polar bear (Lair:3)
  7 trolls
  A wind drake (Lair:4)
  The ghost of glosham the Chopper, an amateur FoFi of Makhleb (D:7)
  19 blink frogs
  7 dream sheep (Lair:4)
  A meliai zombie (D:13)
  7 redbacks
  2 wraiths
  A vampire (D:12)
  A water elemental (D:13)
  40 yaks
  4 humans (Orc:2)
  A hog (Lair:6)
  4 basilisks
  3 wyverns
  Menkaure (D:7)
  Edmund (D:4)
  A vampire mosquito (D:11)
  An acid dragon (D:12)
  6 wargs
  A soldier ant (D:13)
  Duvessa (D:4)
  15 water moccasins
  3 ice beasts
  A swamp drake (Lair:1)
  8 sky beasts
  A black bear (Lair:3)
  25 orc warriors
  16 ogres
  7 wolves
  13 centaurs
  2 lemures (D:6)
  3 necrophages
  2 phantoms
  12 kobold brigands
  20 bullfrogs
  2 gnoll sergeants
  A wyvern zombie (D:12)
  Dowan (D:4)
  2 water moccasin skeletons
  A scorpion (D:4)
  3 killer bees (D:9)
  3 howler monkeys
  18 wights
  8 electric eels
  A spectral centaur (D:7)
  2 centaur zombies
  7 jellies
  11 hounds
  A quasit (D:13)
  2 bullfrog skeletons
  4 bullfrog zombies
  13 orc priests
  8 centaur skeletons
  A gnoll shaman (D:4)
  13 iguanas
  33 orc wizards
  7 hell rats (Lair:5)
  Natasha (thrice) (D:2)
  9 worker ants
  A killer bee zombie (D:6)
  A centaur simulacrum (D:10)
  3 hound skeletons
  A howler monkey skeleton (D:6)
  4 worker ant zombies
  12 gnolls
  20 adders
  5 river rats (Sewer)
  4 shadow imps
  2 white imps (D:6)
  A worker ant simulacrum (D:11)
  2 oozes
  A spectral adder (D:7)
  2 worms
  5 dart slugs
  15 leopard geckos
  88 orcs
  11 ball pythons (Sewer)
  8 giant cockroaches
  6 goblins
  7 hobgoblins
  29 jackals
  28 kobolds
  4 quokkas
  5 bats
  15 frilled lizards
  A jackal skeleton (D:4)
  A leopard gecko skeleton (D:4)
  2 leopard gecko zombies
  3 quokka skeletons (D:5)
  33 rats
863 creatures vanquished.

Vanquished Creatures (others)
  5 humans (Lair:6)
  An orc priest (D:13)
  3 iguanas (Lair:1)
  A leopard gecko (Lair:1)
  2 frilled lizards (Lair:1)
  28 fungi
  45 plants
  6 starspawn tentacles (Abyss:3)
  4 withered plants (D:12)
95 creatures vanquished.

Grand Total: 958 creatures vanquished

Notes
Turn   | Place    | Note
-------+----------+-------------------------------------------
     0 | D:1      | CryoSword the Deep Dwarf Monk began the quest for the Orb.
     0 | D:1      | Reached XP level 1. HP: 20/20 MP: 1/1
   122 | D:1      | Reached XP level 2. HP: 18/27 MP: 2/2
   381 | D:1      | Reached XP level 3. HP: 33/33 MP: 3/3
   433 | D:2      | Noticed Natasha
   449 | D:2      | Killed Natasha
   675 | D:2      | Reached XP level 4. HP: 34/42 MP: 4/4
   704 | D:2      | Found a shadowy altar of Dithmenos.
  1004 | D:2      | Noticed Natasha
  1016 | D:2      | Killed Natasha
  1059 | D:2      | Noticed Natasha
  1071 | D:2      | Killed Natasha
  1308 | D:3      | Reached XP level 5. HP: 49/49 MP: 4/4
  1437 | D:3      | Found Zin's Purification Station.
  1439 | D:3      | Found a glowing silver altar of Zin.
  1461 | D:3      | Bought a potion of curing for 90 gold pieces
  1555 | D:3      | Found a glowing drain.
  1559 | Sewer    | Entered a sewer
  2056 | Sewer    | Reached XP level 6. HP: 44/57 MP: 5/5
  2156 | Sewer    | Reached skill level 5 in Long Blades
  2156 | Sewer    | Reached skill level 1 in Armour
  3229 | D:4      | Reached XP level 7. HP: 59/64 MP: 6/6
  3265 | D:4      | Noticed Duvessa
  3276 | D:4      | Noticed Dowan
  3292 | D:4      | Killed Duvessa
  3293 | D:4      | Reached skill level 5 in Stealth
  3300 | D:4      | Killed Dowan
  3605 | D:4      | Found a staircase to the Ecumenical Temple.
  3698 | D:5      | Entered Level 5 of the Dungeon
  3718 | Temple   | Entered the Ecumenical Temple
  4038 | D:4      | Noticed Edmund
  4042 | D:4      | Reached XP level 8. HP: 33/73 MP: 6/6
  4091 | D:5      | You fall into a shaft and drop 1 floor!
  4385 | D:4      | Reached skill level 5 in Fighting
  4568 | D:4      | Killed Edmund
  4930 | D:4      | Found a radiant altar of Vehumet.
  6633 | D:6      | Gained mutation: You passively map the area around you.
                  | [Deep Dwarf growth]
  6633 | D:6      | Reached XP level 9. HP: 52/80 MP: 5/5
  7145 | D:6      | Reached skill level 5 in Armour
  7839 | D:7      | Found an opulent altar of Gozag.
  7893 | D:7      | Noticed Pikel
  8100 | D:7      | Noticed Menkaure
  8235 | D:7      | Killed Menkaure
  8580 | D:7      | Killed Pikel
  8581 | D:7      | Reached XP level 10. HP: 50/92 MP: 3/3
  8632 | D:7      | Found a transporter.
  8659 | D:7      | Noticed glosham's ghost (amateur FoFi)
  8672 | D:7      | Found a transporter.
  8686 | D:7      | Found a glowing golden altar of the Shining One.
  8690 | D:7      | Found a white marble altar of Elyvilon.
  8690 | D:7      | Found a hazy altar of Hepliaklqana.
  8699 | D:7      | Became a worshipper of Elyvilon the Healer
  8699 | D:7      | Reached * piety under Elyvilon
  8699 | D:7      | Reached ** piety under Elyvilon
  8922 | D:8      | Noticed a two-headed ogre
  9069 | D:8      | Killed a two-headed ogre
  9070 | D:8      | Reached skill level 10 in Long Blades
  9234 | D:8      | Found a blossoming altar of Fedhas.
  9376 | D:8      | Found a hide-covered altar of Uskayaw.
  9620 | D:9      | Noticed a two-headed ogre
  9656 | D:9      | Killed a two-headed ogre
  9657 | D:9      | Reached skill level 1 in Invocations
  9827 | D:9      | Reached skill level 2 in Invocations
  9883 | D:9      | Found a hazy altar of Hepliaklqana.
  9888 | D:9      | Noticed an oklob plant
 10097 | D:9      | HP: 4/94 [orc warrior/+2 trident of freezing (5)]
 10317 | D:9      | Reached skill level 3 in Invocations
 10353 | D:9      | Found a sacrificial altar of Ru.
 10362 | D:9      | Noticed Maggie
 10390 | D:9      | Killed Maggie
 10527 | D:9      | Found a roughly hewn altar of Beogh.
 10539 | D:9      | Reached skill level 4 in Invocations
 10666 | D:10     | Entered Level 10 of the Dungeon
 10705 | D:10     | Noticed Psyche
 10734 | D:10     | Killed Psyche
 10842 | D:10     | Found a radiant altar of Vehumet.
 11083 | D:10     | Reached XP level 11. HP: 81/100 MP: 6/6
 11252 | D:10     | Noticed Erolcha
 11283 | D:10     | Cast into level 1 of the Abyss (Erolcha)
 11352 | Abyss:3  | Noticed a tentacled starspawn
 11371 | Abyss:3  | Reached *** piety under Elyvilon
 11378 | D:10     | Escaped the Abyss
 11382 | D:10     | Killed Erolcha
 11383 | D:10     | Reached skill level 5 in Invocations
 11583 | D:10     | Found an opulent altar of Gozag.
 11754 | D:10     | Reached skill level 6 in Invocations
 11846 | D:10     | Noticed Harold
 11858 | D:10     | Killed Harold
 12069 | D:10     | Found a blossoming altar of Fedhas.
 12071 | D:10     | Noticed an oklob plant
 12286 | D:11     | Noticed a two-headed ogre
 12287 | D:11     | Killed a two-headed ogre
 12288 | D:11     | Reached skill level 7 in Invocations
 12319 | D:11     | Noticed a purple ugly thing
 12441 | D:10     | Got an encrusted chain mail
 12442 | D:10     | Identified the +6 chain mail of Ebliesywn {Harm +Fly rPois
                  | rCorr Int-3} (You found it on level 10 of the Dungeon)
 12479 | D:10     | Noticed an oklob plant
 12483 | D:10     | Killed an oklob plant
 12592 | D:10     | Killed an oklob plant
 12704 | D:7      | Killed glosham's ghost
 12832 | D:9      | Killed an oklob plant
 12916 | D:10     | Reached skill level 8 in Invocations
 12929 | D:10     | Killed a purple ugly thing
 13288 | D:11     | Reached skill level 9 in Invocations
 13312 | D:11     | Noticed a brown ugly thing
 13375 | D:11     | Reached XP level 12. HP: 82/112 MP: 10/10
 13493 | D:11     | Noticed a boulder beetle
 13508 | D:11     | Killed a boulder beetle
 13523 | D:11     | Noticed a boulder beetle
 13532 | D:11     | Killed a boulder beetle
 13569 | D:11     | Found a staircase to the Lair.
 13704 | D:11     | Reached skill level 10 in Invocations
 13872 | D:11     | Noticed a centaur warrior
 13879 | D:11     | Killed a centaur warrior
 14316 | D:12     | Noticed a rakshasa
 14331 | D:12     | Noticed a boulder beetle
 14480 | D:12     | Noticed a seven-headed hydra
 14579 | D:12     | Noticed a seven-headed hydra
 14745 | D:12     | Reached skill level 11 in Invocations
 14826 | D:12     | Reached skill level 1 in Shields
 14837 | D:12     | Found a staircase to the Orcish Mines.
 15053 | D:11     | Killed a four-headed hydra
 15064 | D:11     | Killed a three-headed hydra
 15227 | D:12     | Reached XP level 13. HP: 102/121 MP: 12/12
 15407 | D:12     | Reached skill level 12 in Invocations
 15478 | D:12     | Got a fading hand crossbow
 15479 | D:12     | Identified the +6 hand crossbow of Neurosis {venom, Int+10}
                  | (You found it on level 12 of the Dungeon)
 16632 | D:12     | You fall into a shaft and drop 2 floors!
 16643 | D:14     | Found Irayth's Book Shop.
 16925 | D:13     | Reached skill level 13 in Invocations
 17023 | D:13     | Reached skill level 1 in Crossbows
 17420 | D:13     | Reached skill level 10 in Fighting
 17604 | D:13     | Reached **** piety under Elyvilon
 17761 | D:13     | Reached skill level 14 in Invocations
 17916 | Lair:1   | Entered Level 1 of the Lair of Beasts
 18127 | Lair:1   | Found a runed translucent gate.
 18128 | Lair:1   | Found a runed translucent gate.
 18144 | Lair:1   | Reached ***** piety under Elyvilon
 18281 | Lair:1   | Found a runed translucent gate.
 18282 | Lair:1   | Noticed TimeIsEndless's ghost (novice OpFi)
 19166 | Lair:1   | Killed TimeIsEndless's ghost
 19190 | Lair:1   | Got an encrusted scimitar
 19201 | Lair:1   | Identified the +3 scimitar "Ysaasiro" {flame, Int+2} (You
                  | found it on level 1 of the Lair of Beasts)
 19324 | Lair:2   | Gained mutation: You resist negative energy. (rN+) [Deep
                  | Dwarf growth]
 19324 | Lair:2   | Reached XP level 14. HP: 104/133 MP: 16/16
 19576 | Lair:2   | Found a hole to the Spider Nest.
 19847 | Lair:2   | Reached skill level 15 in Invocations
 20299 | Lair:3   | Reached skill level 5 in Shields
 20440 | Lair:3   | Reached skill level 5 in Crossbows
 20906 | Lair:3   | Found an ornate altar of the Wu Jian Council.
 21631 | Lair:4   | Found a staircase to the Shoals.
 21685 | Lair:4   | HP: 1/135 [cane toad (54)]
 21851 | Lair:4   | Found a runed translucent door.
 21902 | Lair:4   | Noticed Vuppis's ghost (journeyman DsVM)
 22265 | Lair:4   | Killed Vuppis's ghost
 22546 | Lair:5   | Got a flickering steel ring
 22743 | Lair:5   | Noticed Sonja
 22754 | Lair:5   | Killed Sonja
 23139 | Lair:6   | Entered Level 6 of the Lair of Beasts
 23479 | Lair:6   | Reached XP level 15. HP: 92/144 MP: 17/17
 23566 | Lair:6   | Found a viscous altar of Jiyva.
 23566 | Lair:6   | Found a staircase to the Slime Pits.
 23597 | Lair:6   | Noticed Kirke
 23620 | Lair:6   | Killed Kirke
 24821 | Lair:6   | Identified Sif Muna's Disquisition on Transformation and
                  | Confrontation
 25106 | Orc:1    | Entered Level 1 of the Orcish Mines
 25549 | Orc:2    | Entered Level 2 of the Orcish Mines
 25572 | Orc:2    | Found a gate leading to a gauntlet.
 25601 | Orc:2    | Found a staircase to the Elven Halls.
 25608 | Orc:2    | Found a flickering gateway to a bazaar.
 25682 | Bazaar   | Entered a bazaar
 25688 | Bazaar   | Found Kaytziff's Book Emporium.
 25688 | Bazaar   | Found Fesketeh's Jewellery Shoppe.
 25699 | Bazaar   | Bought a book of Geomancy for 350 gold pieces
 25726 | Gauntlet | Entered a Gauntlet
 25726 | Gauntlet | Found a transporter.
 25727 | Gauntlet | Identified the ring of Wu Jian's Regard {Fire rElec Str-4
                  | Int+8} (You found it on level 5 of the Lair of Beasts)
 25761 | Gauntlet | Found a transporter.
 25762 | Gauntlet | Found a transporter.
 25766 | Gauntlet | Found a transporter.
 25773 | Gauntlet | Found a transporter.
 25773 | Gauntlet | Found a transporter.
 25774 | Gauntlet | Found a transporter.
 25784 | Gauntlet | Found a transporter.
 25786 | Gauntlet | Found a transporter.
 25787 | Gauntlet | Found a transporter.
 25795 | Gauntlet | Found a transporter.
 25798 | Gauntlet | Found a transporter.
 25800 | Gauntlet | Found a transporter.
 25805 | Gauntlet | Found a runed translucent gate.
 25805 | Gauntlet | Found a runed translucent gate.
 25805 | Gauntlet | Found a runed translucent gate.
 25807 | Gauntlet | Found a transporter.
 26038 | Gauntlet | Reached skill level 10 in Shields
 26159 | Gauntlet | Got a jewelled shortbow
 26159 | Gauntlet | Got an ancient leather armour
 26176 | Orc:2    | Identified the +9 shortbow of Thoughtfulness {vorpal, rF-
                  | rN++ Str+3 SInv} (You found it in a Gauntlet)
 26188 | Orc:2    | Identified the +0 leather armour of Abstinence {rPois
                  | Int+3} (You found it in a Gauntlet)
 26521 | Orc:2    | Noticed an orc warlord
 26707 | Orc:2    | Killed an orc warlord
 26804 | Orc:2    | Gained mutation: Your spells are a little easier to cast,
                  | but a little less powerful. [a neqoxec]
 26813 | Orc:2    | Gained mutation: You have a pair of small antennae on your
                  | head. [a neqoxec]
 27060 | Orc:2    | Lost mutation: You have a pair of small antennae on your
                  | head. [potion of mutation]
 27060 | Orc:2    | Lost mutation: Your spells are a little easier to cast, but
                  | a little less powerful. [potion of mutation]
 27060 | Orc:2    | Gained mutation: Armour fits poorly on your strangely
                  | shaped body. [potion of mutation]
 27060 | Orc:2    | Gained mutation: Your system is resistant to poisons.
                  | (rPois) [potion of mutation]
 27061 | Orc:2    | Lost mutation: Armour fits poorly on your strangely shaped
                  | body. [potion of mutation]
 27061 | Orc:2    | Lost mutation: Your system is resistant to poisons. (rPois)
                  | [potion of mutation]
 27061 | Orc:2    | Gained mutation: You are partially covered in icy blue
                  | scales. (AC +2) [potion of mutation]
 27061 | Orc:2    | Gained mutation: You are partially covered in thin metallic
                  | scales. (AC +2) [potion of mutation]
 27061 | Orc:2    | Lost mutation: You are partially covered in thin metallic
                  | scales. (AC +2) [potion of mutation]
 27061 | Orc:2    | Gained mutation: You are partially covered in yellow
                  | scales. (AC +2) [potion of mutation]
 27127 | Orc:2    | Killed from afar by an orc priest

Illustrated notes

Levels and vault maps discovered:
D:1:      nzn_arrival_crosshair, layout_basic
D:2:      layout_basic, nicolae_dithmenos_shadow_blocks, uniq_natasha
D:3:      layout_basic, zin_purify, gup_sewer_entry_spiral,
          corexii_corridor_pit, minmay_vboxes
D:4:      layout_basic, overflow_temple_1_default,
          minmay_temple_entry_from_below_a, kennysheep_opposing_triangles,
          uniq_edmund, uniq_duvessa
D:5:      layout_layer_cave, nzn_random_ring
D:6:      layout_layer_cave, grunt_tough_drop
D:7:      minmay_flawed_box, layout_rooms, minitemple,
          gammafunk_ghost_mausoleum, nicolae_gozag_seed_capital, uniq_pikel,
          uniq_menkaure
D:8:      layout_rooms, kennysheep_mini, fedhas_ov_isle_minmay
D:9:      layout_roguey [special_room_orc], lemuel_crystal_altar, st_stairs_7,
          lemuel_oklob_altar, uniq_maggie
D:10:     layout_loops_corners, basic_altar, hangedman_tree_tricks,
          minmay_ruined_shrine, uniq_erolcha, uniq_psyche, uniq_harold
D:11:     minmay_quarter_circles, layout_basic, st_stairs_8
D:12:     minmay_tri_box, layout_long_grid, minmay_orc_entry_guard_dogs,
          serial_undead, serial_undead_e, serial_undead_e, serial_undead_b,
          serial_undead_a, lightli_corner_chamber
D:13:     layout_basic
D:14:     mludivico_vault, layout_long_grid, skrybe_vaults_entry_preservation,
          serial_shops, nicolae_shop_statue_plus
Temple:   regret_index_temple_generic_petals
Lair:1:   lemuel_reptile_caves, layout_chaotic_city, gammafunk_ghost_hydra_chop
Lair:2:   layout_concentric_octagons, spider_nest_entry_webs,
          grunt_forest_small_clearings, serial_bayou_pond_c, grunt_megastairs_4
Lair:3:   layout_small_grid, nicolae_quartered_pool_medium,
          chequers_serial_rivers_marsh, lemuel_centaur_altar
Lair:4:   layout_loops_ring, minmay_shoals_entry_beasts,
          ebering_ghost_reflecting_pool, serial_bayou_shore_b
Lair:5:   layout_misc_corridors, minmay_holes, dpeg_oklob_1, uniq_sonja
Lair:6:   evilmike_catoblepas_cave, layout_cave_shapes, slime_altar_1,
          fungi_pond_lemuel, uniq_kirke
Orc:1:    layout_diamond_mine, minmay_orc_temple_b
Orc:2:    st_orc_congregation, layout_caves, serial_shops, bzr_entry_customers,
          gauntlet_entry_generic, statue_in_the_mist_lemuel

Skill      XL: |  1  2  3  4  5  6  7  8  9 10 11 12 13 14 15 |
---------------+----------------------------------------------+-----
Stealth        | 3 4 5 7 8 9 |  9.2
Fighting       | 3 4 5 6 7 8 9 10 12 13 | 13.1
Long Blades    | 4 5 6 8 9 11 12 13 14 | 14.7
Dodging        | 4 |  4.3
Armour         | 2 3 4 6 7 8 |  8.9
Invocations    | 4 9 11 14 15 | 15.4
Shields        | 4 7 10 | 10.5
Crossbows      | 4 7 8 |  8.8

Action                   |  1- 3 |  4- 6 |  7- 9 | 10-12 | 13-15 || total
-------------------------+-------+-------+-------+-------+-------++-------
Melee: Falchion          |    91 |    31 |     2 |       |       ||   124
       Short sword       |       |   297 |   462 |   496 |       ||  1255
       Scimitar          |       |       |    45 |   345 |  1286 ||  1676
       Unarmed           |       |       |       |    13 |       ||    13
 Fire: Hand crossbow     |       |       |       |       |   152 ||   152
Throw: Stone             |     2 |    20 |       |       |       ||    22
       Dart              |       |    54 |    60 |    31 |     4 ||   149
Invok: Lesser Healing    |       |       |       |   131 |   249 ||   380
       Greater Healing   |       |       |       |       |    16 ||    16
 Abil: Heal Wounds       |     2 |     7 |    23 |     7 |       ||    39
  Use: Scroll            |       |     8 |     6 |     3 |     7 ||    24
       Potion            |       |       |     1 |     2 |     3 ||     6
 Stab: Sleeping          |     5 |     1 |     4 |     6 |       ||    16
       Distracted        |       |       |     1 |       |     1 ||     2
       Petrified         |       |       |       |       |     2 ||     2
Armor: Robe              |     9 |       |       |       |       ||     9
       Ring mail         |    11 |    66 |    23 |     2 |       ||   102
       Scale mail        |       |    77 |   115 |       |       ||   192
       Fire dragon scale |       |       |     9 |   151 |       ||   160
       Skin              |       |       |       |     2 |       ||     2
       Chain mail        |       |       |       |   213 |   662 ||   875
Dodge: Dodged            |    72 |   263 |   254 |   370 |   605 ||  1564
Block: Buckler           |       |       |       |    21 |   269 ||   290
       Kite shield       |       |       |       |       |    10 ||    10
       Rpst.: Falchion   |    22 |     6 |       |       |       ||    28
       Scimitar          |       |       |     7 |    33 |   147 ||   187

Table legend: (Time is in decaauts)
 A = Elapsed time spent in this place.
 B = Non-inter-level travel time spent in this place.
 C = Inter-level travel time spent in this place.
 D = Time resting spent in this place.
 E = Time spent auto-exploring this place.
 F = Levels seen in this place.
 G = Mean time per level.
                   A        B        C        D        E       F      G
               +--------+--------+--------+--------+--------+-----+--------+
         Total |  26753 |  23593 |   3160 |   1117 |  11129 |  29 |  922.5 |
       Dungeon |  16911 |  14279 |   2632 |    599 |   6071 |  14 | 1207.9 |
        Temple |    249 |    213 |     36 |      0 |    208 |   1 |  249.0 |
          Lair |   6701 |   6248 |    453 |    204 |   4039 |   6 | 1116.8 |
  Orcish Mines |   1483 |   1445 |     38 |    140 |    663 |   2 |  741.5 |
         Abyss |     99 |     99 |      0 |     13 |      0 |   3 |   33.0 |
        Bazaar |     27 |     27 |      0 |      0 |      0 |   1 |   27.0 |
         Sewer |    871 |    871 |      0 |    146 |      0 |   1 |  871.0 |
      Gauntlet |    409 |    409 |      0 |     13 |    147 |   1 |  409.0 |
               +--------+--------+--------+--------+--------+-----+--------+

Top non-repeatable levels by time:
     D:6: 1974 daAuts
    D:11: 1825 daAuts
    D:10: 1793 daAuts
  Lair:6: 1653 daAuts
    D:12: 1587 daAuts
     D:4: 1501 daAuts
     D:3: 1363 daAuts
     D:5: 1319 daAuts
    D:13: 1315 daAuts
     D:9: 1275 daAuts
  Lair:3: 1164 daAuts
  Lair:1: 1119 daAuts
  Lair:4: 988 daAuts
     D:2: 945 daAuts
  Lair:5: 904 daAuts
